Selects Airborne Battlegroup
Selects Heavy Machine Gun Paradrop
Selects Smoke Bombing Run
Heavy Machine Gun Paradrop
Construct Weapon Support Center
Heavy Machine Gun Paradrop
Selects Paratrooper Squad Paradrop
Paratrooper Squad Paradrop
Paratrooper Squad Paradrop
Construct Medical Station
Paratrooper Squad Paradrop
M3 Armored Personnel Carrier
Heavy Machine Gun Paradrop
Improved M9 Bazooka Rockets
Selects Carpet Bombing Run
Paratrooper Squad Paradrop